Map: Orbital Shipyard

Players

Gravity - Winner!

  • Race: Protoss Protoss
  • League: Gold

lesha

  • Race: Terran Terran
  • League: Gold

VOD

Have the link to the VOD?

Description

Time

  • Played on: Jan. 9, 2016, 8:53 p.m.
  • Length: 6:00
Show
View Real Time Build Order
Export as new Build Order

Gravity Protoss - Winner!

Build Orders: Blink Stalkers 

Get SALT Encoding   

  12  0:01  Probe (Chrono Boost)  
  13  0:11  Probe (Chrono Boost)  
  14  0:18  Pylon  
  14  0:22  Probe (Chrono Boost)  
  15  0:36  Probe (Chrono Boost)  
  15  0:38  Gateway  
  16  0:47  Probe (Chrono Boost), Assimilator  
  17  0:54  Assimilator  
  17  0:57  Probe (Chrono Boost)  
  18  1:08  Probe (Chrono Boost)  
  19  1:11  Gateway  
  20  1:18  Probe (Chrono Boost)  
  20  1:33  Cybernetics Core, Probe (Chrono Boost)  
  21  1:40  Pylon  
  21  1:46  Probe (Chrono Boost)  
  22  1:57  Probe (Chrono Boost)  
  23  2:09  Warp Gate (Chrono Boost)  
  23  2:10  Adept x2  
  29  2:16  Mothership Core  
  29  2:23  Twilight Council  
  29  2:35  Pylon  
  30  2:37  Probe  
  30  2:49  Probe, Gateway  
  31  2:57  Pylon  
  31  3:01  Probe  
  32  3:05  Blink (Chrono Boost)  
  32  3:17  Pylon  
  32  3:23  Gateway  
  32  3:32  Pylon  
  32  3:36  Probe  
  33  3:48  Probe  
  34  4:03  Stalker  
  34  4:04  Stalker  
  34  4:05  Stalker  
  40  4:19  Stalker  
  42  4:27  Stalker  
  42  4:28  Stalker x2  
  48  4:42  Stalker  
  50  4:51  Stalker  
  50  4:52  Stalker  
  54  4:56  Stalker  
  56  5:10  Stalker  
  50  5:30  Stalker  
  50  5:32  Stalker x2  
  52  5:49  Stalker  
Show
View Real Time Build Order
Export as new Build Order

lesha Terran 

Build Orders: Reaper Expand 

Get SALT Encoding   

  12  0:01  SCV  
  13  0:13  SCV  
  14  0:19  Supply Depot  
  14  0:25  SCV  
  15  0:41  SCV  
  16  0:43  Barracks  
  16  0:49  Refinery  
  16  0:53  SCV  
  17  1:05  SCV  
  18  1:18  SCV  
  19  1:31  Orbital Command  
  19  1:40  Reaper  
  19  1:46  Command Center  
  20  1:59  SCV  
  20  2:00  Supply Depot  
  21  2:06  Refinery  
  21  2:12  SCV  
  21  2:15  Barracks Reactor  
  22  2:25  SCV, Barracks  
  22  2:28  Bunker  
  24  2:37  SCV  
  24  3:06  SCV  
  24  3:07  Orbital Command  
  25  3:16  Barracks Tech Lab  
  25  3:22  Barracks  
  25  3:24  Factory  
  25  3:28  Engineering Bay  
  25  3:30  Supply Depot, SCV  
  26  3:37  Marine x2  
  26  3:38  Marauder  
  31  3:42  SCV  
  31  3:45  SCV  
  31  3:46  Stimpack  
  32  4:03  Marine x2  
  32  4:05  Marauder  
  32  4:06  SCV x2  
  38  4:18  Barracks Reactor  
  38  4:19  Factory Tech Lab  
  38  4:21  Starport  
  38  4:22  Marine x2  
  40  4:26  SCV x2  
  42  4:39  Siege Tank  
  42  4:41  Marine x2  
  42  4:42  Marauder  
  49  4:53  SCV x2, Barracks  
  51  5:03  Marine x3  
  54  5:07  Missile Turret  
  54  5:10  Marauder, Marine  
  54  5:12  Supply Depot  
  54  5:13  Supply Depot  
  47  5:29  Missile Turret  
  39  5:37  Marine x4  
  39  5:38  Marine  
Tags
 
Add a new tag
Caveats
  • Supply blocks, unpowered buildings, or Contaminate may cause inaccurate times.
  • Supply counts are checked every 10 seconds.